cohdb
Replays
Latest Replays
All Replays
Popular Replays
Top Player Replays
Match Explorer
How It Works
Community
CoH3 Stats
Reddit
Sign in to upload your games and track your stats! →
Sign in with Steam
Match 44137611
Unlisted
Match 44137611
Overview
Messages
Build Orders
End
Royal Engineer Section
Construct Section Command Post
Selects Canadian Shock Battlegroup
Dingo Light Scout Car
Infantry Section
Infantry Section
Construct Platoon Command Post
Humber Armored Car
Selects Attacking Spirit
Selects Incendiary Munitions
Selects Canadian Shock Section
Vickers Machine Gun Team
Humber Armored Car
Grenade Package
Selects Pyrotechnics
Canadian Shock Section
Canadian Shock Section
Construct Company Command Post
Crusader II Medium Tank
Canadian Shock Section
Construct Field Infirmary
Crusader II Medium Tank
Selects Churchill Crocodile Heavy Tank
Selects Smoke Operation
Smoke Operation
Churchill Crocodile Heavy Tank
Smoke Operation
Unlock Towed 17-pounder Anti-tank Guns
Smoke Operation
DrewP
tihs86
0
0
Comments
sign in to comment!
No comments posted yet!